Map: Frozen Temple

Players

Miszu

  • Race: Terran Terran
  • League: Master

A.I. 1 (Very Easy)

  • Race: Terran Terran

VOD

Have the link to the VOD?

Description

Time

  • Played on: April 7, 2016, 12:28 p.m.
  • Length: 4:07
Show
View Real Time Build Order
Export as new Build Order

Miszu Terran 

Build Orders: MMM Bio, Banshee Rush 

Get SALT Encoding   

  1  0:00  Cloaking Field, Terran Infantry Armor Level 1, Zerg Melee Weapons Level 2, Enduring Locusts, Protoss Ground Armor Level 1, Terran Infantry Weapons Level 1, Terran Ship Weapons Level 1, Centrifical Hooks, Zerg Flyer Weapons Level 3 x2, Terran Infantry Armor Level 2, Protoss Air Armor Level 3 x2, Weapon Refit, Metabolic Boost, Durable Materials, Pneumatized Carapace, Terran Ship Armor Level 3 x2, Terran Vehicle Armor Level 1, Terran Vehicle Armor Level 2, Zerg Flyer Armor Level 2, Terran Vehicle Weapons Level 3 x2, Zerg Missile Weapons Level 3 x2, Protoss Ground Weapons Level 2, Zerg Melee Weapons Level 3 x2, Extended Thermal Lance, Zerg Ground Armor Level 1, Zerg Ground Armor Level 3 x2, Building Armor, Zerg Melee Weapons Level 1, Observer Gravitic Boosters, Blink, Protoss Ground Armor Level 3 x2, Zerg Flyer Armor Level 3 x2, Protoss Ground Weapons Level 3 x2, Moebius Reactor, Resonating Glaives, Zerg Missile Weapons Level 1, Terran Vehicle Weapons Level 1, Protoss Ground Armor Level 2, Terran Infantry Weapons Level 3 x2, Burrow, Behemoth Reactor, Protoss Air Weapons Level 3 x2, Terran Ship Weapons Level 2, Protoss Shields Level 3 x2, Zerg Flyer Weapons Level 2, Charge, Zerg Flyer Weapons Level 1, Terran Ship Weapons Level 3 x2, Caduceus Reactor, Stimpack, Ventral Sacs, Terran Infantry Armor Level 3 x2, Protoss Shields Level 2, Pathogen Glands, Zerg Ground Armor Level 2, Protoss Air Armor Level 2, Terran Ship Armor Level 2, Hi-Sec Auto Tracking, Terran Vehicle Weapons Level 2, Terran Vehicle Armor Level 3 x2, Adrenal Glands, Protoss Air Weapons Level 2, Gravitic Drive, Terran Ship Armor Level 1, Protoss Shields Level 1, Zerg Flyer Armor Level 1, Combat Shields, Terran Infantry Weapons Level 2, Graviton Catapult, Personal Cloaking, Tunneling Claws, Concussive Shells, Protoss Ground Weapons Level 1, Muscular Augments x2, Psionic Storm, Protoss Air Armor Level 1, Neural Parasite, Zerg Missile Weapons Level 2, Neosteel Frame, Warp Gate, Corvid Reactor, Glial Reconstitution, Protoss Air Weapons Level 1, Infernal Pre-Igniter, Chitinous Plating  
    0:12  Zerg Flyer Armor Level 2, Zerg Melee Weapons Level 2, SCV x12, Terran Ship Weapons Level 2, Protoss Ground Weapons Level 2, Zerg Ground Armor Level 2, Terran Infantry Weapons Level 2, Terran Vehicle Weapons Level 2, Protoss Shields Level 2, Terran Infantry Armor Level 2, Protoss Air Armor Level 2, Zerg Missile Weapons Level 2, Protoss Ground Armor Level 2, Terran Ship Armor Level 2, Zerg Flyer Weapons Level 2, Protoss Air Weapons Level 2, Terran Vehicle Armor Level 2  
    0:24  Unknown  
    0:27  Blink, Stimpack  
  13  0:34  Terran Ship Armor Level 1, Terran Infantry Armor Level 1, Zerg Melee Weapons Level 1, Zerg Flyer Armor Level 1, Protoss Ground Armor Level 1, Terran Infantry Weapons Level 1, Zerg Ground Armor Level 1, Protoss Ground Weapons Level 1, Protoss Air Armor Level 1, Protoss Shields Level 1, Terran Vehicle Armor Level 1, Warp Gate, Zerg Missile Weapons Level 1, Protoss Air Weapons Level 1, Zerg Flyer Weapons Level 1, Terran Vehicle Weapons Level 1, Terran Ship Weapons Level 1  
  13  0:37  Unknown x5  
    0:48  Charge, Building Armor, Extended Thermal Lance, Resonating Glaives  
    0:55  Adrenal Glands, Ventral Sacs  
    1:01  Enduring Locusts  
    1:02  Personal Cloaking  
    1:08  Psionic Storm  
    1:09  Cloaking Field, Combat Shields, Tunneling Claws, Centrifical Hooks, Metabolic Boost, Neural Parasite, Neosteel Frame, Corvid Reactor, Glial Reconstitution, Durable Materials, Infernal Pre-Igniter, Chitinous Plating  
    1:17  Burrow, Muscular Augments x2  
    1:31  Pathogen Glands, Behemoth Reactor, Observer Gravitic Boosters, Hi-Sec Auto Tracking, Moebius Reactor, Caduceus Reactor, Graviton Catapult, Gravitic Drive  
    1:40  SCV x12  
    1:45  Weapon Refit, Pneumatized Carapace, Concussive Shells  
    1:52  Unknown  
  12  1:54  SCV  
  13  2:06  SCV  
  14  2:10  Supply Depot  
  14  2:21  Refinery  
  15  2:28  Unknown x5  
Show
View Real Time Build Order
Export as new Build Order

A.I. 1 (Very Easy) Terran 

Build Orders: MMM Bio, Banshee Rush 

Get SALT Encoding   

  1  0:00  Cloaking Field, Terran Infantry Armor Level 1, Zerg Melee Weapons Level 2, Enduring Locusts, Protoss Ground Armor Level 1, Terran Infantry Weapons Level 1, Terran Ship Weapons Level 1, Centrifical Hooks, Zerg Flyer Weapons Level 3 x2, Terran Infantry Armor Level 2, Protoss Air Armor Level 3 x2, Weapon Refit, Metabolic Boost, Durable Materials, Pneumatized Carapace, Terran Ship Armor Level 3 x2, Terran Vehicle Armor Level 1, Terran Vehicle Armor Level 2, Zerg Flyer Armor Level 2, Terran Vehicle Weapons Level 3 x2, Zerg Missile Weapons Level 3 x2, Protoss Ground Weapons Level 2, Zerg Melee Weapons Level 3 x2, Extended Thermal Lance, Zerg Ground Armor Level 1, Zerg Ground Armor Level 3 x2, Building Armor, Zerg Melee Weapons Level 1, Observer Gravitic Boosters, Blink, Protoss Ground Armor Level 3 x2, Zerg Flyer Armor Level 3 x2, Protoss Ground Weapons Level 3 x2, Moebius Reactor, Resonating Glaives, Zerg Missile Weapons Level 1, Terran Vehicle Weapons Level 1, Protoss Ground Armor Level 2, Terran Infantry Weapons Level 3 x2, Burrow, Behemoth Reactor, Protoss Air Weapons Level 3 x2, Terran Ship Weapons Level 2, Protoss Shields Level 3 x2, Zerg Flyer Weapons Level 2, Charge, Zerg Flyer Weapons Level 1, Terran Ship Weapons Level 3 x2, Caduceus Reactor, Stimpack, Ventral Sacs, Terran Infantry Armor Level 3 x2, Protoss Shields Level 2, Pathogen Glands, Zerg Ground Armor Level 2, Protoss Air Armor Level 2, Terran Ship Armor Level 2, Hi-Sec Auto Tracking, Terran Vehicle Weapons Level 2, Terran Vehicle Armor Level 3 x2, Adrenal Glands, Protoss Air Weapons Level 2, Gravitic Drive, Terran Ship Armor Level 1, Protoss Shields Level 1, Zerg Flyer Armor Level 1, Combat Shields, Terran Infantry Weapons Level 2, Graviton Catapult, Personal Cloaking, Tunneling Claws, Concussive Shells, Protoss Ground Weapons Level 1, Muscular Augments x2, Psionic Storm, Protoss Air Armor Level 1, Neural Parasite, Zerg Missile Weapons Level 2, Neosteel Frame, Warp Gate, Corvid Reactor, Glial Reconstitution, Protoss Air Weapons Level 1, Infernal Pre-Igniter, Chitinous Plating  
    0:12  Zerg Flyer Armor Level 2, Zerg Melee Weapons Level 2, SCV x12, Terran Ship Weapons Level 2, Protoss Ground Weapons Level 2, Zerg Ground Armor Level 2, Terran Infantry Weapons Level 2, Terran Vehicle Weapons Level 2, Protoss Shields Level 2, Terran Infantry Armor Level 2, Protoss Air Armor Level 2, Zerg Missile Weapons Level 2, Protoss Ground Armor Level 2, Terran Ship Armor Level 2, Zerg Flyer Weapons Level 2, Protoss Air Weapons Level 2, Terran Vehicle Armor Level 2  
    0:24  Unknown  
    0:27  Blink, Stimpack  
  13  0:34  Terran Ship Armor Level 1, Terran Infantry Armor Level 1, Zerg Melee Weapons Level 1, Zerg Flyer Armor Level 1, Protoss Ground Armor Level 1, Terran Infantry Weapons Level 1, Zerg Ground Armor Level 1, Protoss Ground Weapons Level 1, Protoss Air Armor Level 1, Protoss Shields Level 1, Terran Vehicle Armor Level 1, Warp Gate, Zerg Missile Weapons Level 1, Protoss Air Weapons Level 1, Zerg Flyer Weapons Level 1, Terran Vehicle Weapons Level 1, Terran Ship Weapons Level 1  
  13  0:37  Unknown x5  
    0:48  Charge, Building Armor, Extended Thermal Lance, Resonating Glaives  
    0:55  Adrenal Glands, Ventral Sacs  
    1:01  Enduring Locusts  
    1:02  Personal Cloaking  
    1:08  Psionic Storm  
    1:09  Cloaking Field, Combat Shields, Tunneling Claws, Centrifical Hooks, Metabolic Boost, Neural Parasite, Neosteel Frame, Corvid Reactor, Glial Reconstitution, Durable Materials, Infernal Pre-Igniter, Chitinous Plating  
    1:17  Burrow, Muscular Augments x2  
    1:31  Pathogen Glands, Behemoth Reactor, Observer Gravitic Boosters, Hi-Sec Auto Tracking, Moebius Reactor, Caduceus Reactor, Graviton Catapult, Gravitic Drive  
    1:40  SCV x12  
    1:45  Weapon Refit, Pneumatized Carapace, Concussive Shells  
    1:52  SCV, Unknown  
  13  2:04  SCV  
  14  2:12  Supply Depot  
  15  2:28  Unknown x5  
Tags
 
Add a new tag
Caveats
  • Supply blocks, unpowered buildings, or Contaminate may cause inaccurate times.
  • Supply counts are checked every 10 seconds.